 Dungeon Crawl Stone Soup version 0.24.0-1-gfbc8707 (webtiles) character file.

Game seed: 271695383629269, levelgen mode: deterministic

72 7bone the Skirmisher (level 4, 0/40 HPs)
             Began as a Hill Orc Fighter on Dec 8, 2019.
             Slain by a hobgoblin (3 damage)
             ... led by Robin
             ... on level 2 of the Dungeon.
             The game lasted 00:03:30 (1149 turns).

7bone the Skirmisher (Hill Orc Fighter)             Turns: 1149, Time: 00:03:31

Health: 0/40       AC:  7    Str: 24    XL:     4   Next: 26%
Magic:  4/4        EV:  7    Int:  8    God:
Gold:   41         SH:  9    Dex: 10    Spells: 3/3 levels left

rFire    . . .     SeeInvis .   a - +0 long sword
rCold    . . .     Gourm    .   c - +0 shield
rNeg     . . .     Faith    .   b - +0 scale mail
rPois    .         Spirit   .   (no helmet)
rElec    .         Reflect  .   (no cloak)
rCorr    .         Harm     .   (no gloves)
MR       .....                  (no boots)
Stlth    ..........             (no amulet)
HPRegen  0.13/turn              (no ring)
MPRegen  0.09/turn              (no ring)

@: mighty
A: no striking features
a: no special abilities


You were on level 2 of the Dungeon.
You were very hungry.

You visited 1 branch of the dungeon, and saw 2 of its levels.

You collected 41 gold pieces.

Inventory:

Hand Weapons
 a - a +0 long sword (weapon)
Armour
 b - a +0 scale mail (worn)
 c - a +0 shield (worn)
Scrolls
 i - a scroll of teleportation {unknown}
 j - 2 scrolls of identify {unknown}
 l - 2 scrolls of remove curse {unknown}
 m - a scroll of fear {unknown}
 n - a scroll of fog {unknown}
Potions
 e - a potion of berserk rage {unknown}
 k - 2 potions of heal wounds {unknown}
Comestibles
 f - 6 rations


   Skills:
 + Level 4.0 Fighting
 + Level 3.2 Long Blades
 + Level 4.0 Armour
 + Level 0.3 Dodging
 + Level 3.7 Shields


You had 3 spell levels left.
You didn't know any spells.
Your spell library was empty.

Dungeon Overview and Level Annotations

Branches:
Dungeon (2/15)

Altars:


Message History

The adder bites you but does no damage.
You slash the adder!
The adder is severely wounded.
The adder barely misses you. The goblin closely misses you.
You hit the adder.
You kill the adder!
The goblin no longer looks unusually strong.
You block the goblin's attack.
You slash the goblin!
You kill the goblin!
The hobgoblin no longer looks unusually strong.
The goblin hits you but does no damage.
You closely miss the hobgoblin. You block the goblin's attack.
The hobgoblin hits you but does no damage.
The goblin closely misses you.
You riposte.
You closely miss the goblin. You closely miss the hobgoblin.
The hobgoblin hits you.
* * * LOW HITPOINT WARNING * * *
The goblin hits you but does no damage.
You barely miss the hobgoblin. The hobgoblin hits you.
You die...

#.#..## #.#...## #.#..#.#..
#....... #.#..# #....#
#.#######.##.#
#.........##g#
#####.######@# ..... #.#
#g# ..♣...... ####.# #g#
#.....gg g # #....# #g#
#.[.♣g.♣..
######.#########.# #.......
.................# #.#.gg.
..####.##........##
#.#.=###### ..#
#.##.#####...####.#g.......
..####.# #.>......)g...#


You could see 2 hobgoblins and 2 goblins.

Vanquished Creatures
  Robin (D:2)
  An adder (D:2)
  A worm (D:2)
  2 ball pythons (D:1)
  6 bats
  10 goblins
  9 hobgoblins
  4 jackals (D:1)
  3 frilled lizards (D:1)
  5 kobolds
  5 rats
47 creatures vanquished.

Notes
Turn   | Place    | Note
-------+----------+-------------------------------------------
     0 | D:1      | 7bone the Hill Orc Fighter began the quest for the Orb.
     0 | D:1      | Reached XP level 1. HP: 19/19 MP: 1/1
    88 | D:1      | Reached XP level 2. HP: 27/27 MP: 2/2
   410 | D:1      | Reached XP level 3. HP: 30/33 MP: 3/3
  1094 | D:2      | Noticed Robin
  1141 | D:2      | Killed Robin
  1141 | D:2      | Reached XP level 4. HP: 7/40 MP: 4/4
  1149 | D:2      | Slain by a hobgoblin

Levels and vault maps discovered:
D:1:      tarquinn_simple_flora_water_a, layout_basic
D:2:      layout_loops_ring, minmay_misc_feat_plants, grunt_dithmenos_smoke,
          uniq_robin

Skill      XL: |  1  2  3 |
---------------+----------+-----
Fighting       | 4 |  4.0
Long Blades    | 3 |  3.2
Armour         | 4 |  4.0
Dodging        | |  0.3
Shields        | |  3.7

Action                   |  1- 3 |  4- 6 || total
-------------------------+-------+-------++-------
Melee: Long sword        |   139 |     8 ||   147
  Use: Scroll            |     1 |       ||     1
       Potion            |     1 |       ||     1
Armor: Scale mail        |    76 |     7 ||    83
Dodge: Dodged            |    64 |     3 ||    67
Block: Shield            |    79 |     4 ||    83
       Rpst.: Long sword |    20 |     1 ||    21
